 Dungeon Crawl Stone Soup version 0.32-a0-666-ge8a88695a4 (webtiles) character file.

Game seed: 14138253081804570220

592 ytrimaz the Trooper (level 7, -10/56 HPs)
             Began as a Coglin Fighter on Mar 9, 2024.
             Mangled by an ogre
             ... wielding a +0 giant spiked club
              (33 damage)
             ... on level 5 of the Dungeon.
             The game lasted 00:03:22 (3832 turns).

ytrimaz the Trooper (Coglin Fighter)                Turns: 3832, Time: 00:03:22

Health: -10/56     AC: 13    Str: 18    XL:     7   Next: 39%
Magic:  7/7        EV:  7    Int:  8    God:
Gold:   232        SH:  4    Dex: 13    Spells: 6/6 levels left

rFire   . . .        a - +0 war axe {Teghnoor}
rCold   . . .        c - +0 buckler
rNeg    . . .        i - +1 chain mail
rPois   .            (no helmet)
rElec   .            (no cloak)
rCorr   .            p - +0 pair of gloves
SInv    .            j - +0 pair of boots
Will    .....        (amulet unavailable) Stlth
                     (ring unavailable)
HPRegen 0.29/turn    (ring unavailable)
MPRegen 0.10/turn    (no gizmo)

%: no passive effects
@: revved
A: off-hand wielding, slow wielding, warmup strikes, no jewellery
a: Invent Gizmo


You were on level 5 of the Dungeon.
You visited 1 branch of the dungeon, and saw 5 of its levels.

You collected 232 gold pieces.


Innate Abilities, Weirdness & Mutations

You can wield a second weapon in your off-hand.
It takes a long time for you to wield or remove held weapons.
Your first few attacks do less damage.
You cannot equip rings or amulets.


   Skills:
 + Level 5.4 Fighting
 + Level 4.7 Axes
 + Level 4.8 Armour
 - Level 2.1 Shields


You had 6 spell levels left.
You didn't know any spells.
Your spell library contained the following spells:

 Spells                   Type           Power      Damage    Failure   Level
 Slow                     Hex            0%         N/A       99%         1
 Confusing Touch          Hex            0%         N/A       100%        3
 Frozen Ramparts          Ice            0%         1d1       100%        3
 Sigil of Binding         Hex            0%         N/A       100%        3
 Vampiric Draining        Necr           0%         2d6       100%        3
 Leda's Liquefaction      Alch/Erth      0%         N/A       100%        4
 Petrify                  Alch/Erth      0%         N/A       100%        4
 Metabolic Englaciation   Hex/Ice        0%         N/A       100%        5

Inventory:

Hand Weapons
 a - a +0 war axe (weapon) {Teghnoor}
Armour
 c - a +0 buckler (worn)
 i - a +1 chain mail (worn)
   (You found it on level 1 of the Dungeon)
 j - a +0 pair of boots (worn)
   (You found it on level 1 of the Dungeon)
 p - a +0 pair of gloves (worn)
   (You found it on level 3 of the Dungeon)
Scrolls
 e - a scroll of enchant armour
 f - a scroll of summoning
 h - 3 scrolls of teleportation
 l - 2 scrolls of poison
 o - a scroll of identify
Potions
 b - a potion of ambrosia
 d - 3 potions of might
 g - a potion of invisibility
 k - a potion of lignification
 m - a potion of berserk rage {unknown}
 n - a potion of resistance {unknown}
 q - a potion of heal wounds

Dungeon Overview and Level Annotations

Branches:
Dungeon (5/15) Zot: 26007
 Temple: D:4-7

Altars:
Qazlal
Ru
Xom

#.##### #.......# #.#.#.# ..#
#.....#.# #.#.#.## ###
#.......#####.#.....
##.#.......##.###.#.
#.####.##.##.###.#.
#.####.##........#.
###########......##..###.###.
#........####..........#.# ##
#.#.#.##....@.######.....#
#.#.#.#######O# #.###.#
#.#...# .# #.# #.# #.##..###
.# ##>###.## #....)..# .#
#.......# #.....#.# ..
#.##.##.# #.##.##.# ..
#.##.##.# #.#...#.# $.
#....##.# #.##.##.# #..####.#


You could see an ogre.


Message History

There is a stone staircase leading down here.
You now have 182 gold pieces (gained 11).
o - a scroll of identify
Found a stone staircase leading up.
An adder comes into view.
The adder hisses angrily.
An adder is nearby!
You slash the adder! The adder barely misses you.
The adder bites you but does no damage.
An adder is nearby!
You barely miss the adder. The adder barely misses you.
The adder bites you but does no damage.
You closely miss the adder. The adder bites you but does no damage.
Unknown command.
You closely miss the adder. You block the adder's attack. The adder bites you.
You are poisoned.
The adder poisons you! 😕 HP[-2]
You take 2 damage, and now have 54/56 hp.
You slash the adder!
You kill the adder!
You feel sick. 😕 HP[-1]
You take 1 damage, and now have 53/56 hp.
No target in view!
You feel sick. 😕 HP[-1]
You take 1 damage, and now have 52/56 hp.
Unknown command.
No target in view!
You feel sick.
You feel sick.
You feel sick.
You feel sick.
You are no longer poisoned.
You now have 196 gold pieces (gained 14).
You now have 202 gold pieces (gained 6).
A ribbon worm comes into view. 😎 HP[+4]
Your hp is fully restored (56).
A ribbon worm is nearby!
A ribbon worm is nearby!
A ribbon worm is nearby!
You hit the ribbon worm.
The ribbon worm bites you but does no damage.
Unknown command.
You hit the ribbon worm. The ribbon worm bites you! 😕 HP[-7]
You take 7 damage, and now have 49/56 hp.
You slash the ribbon worm!
The ribbon worm bites you but does no damage.
You barely miss the ribbon worm.
The ribbon worm expels a string of sticky webbing.
The stream of webbing misses you.
Unknown command.
You hit the ribbon worm but do no damage.
The ribbon worm bites you. 😕 HP[-1]
You take 1 damage, and now have 48/56 hp.
You slash the ribbon worm!
You kill the ribbon worm!
Found an escape hatch in the floor. 😎 HP[+8]
Your hp is fully restored (56).
You now have 213 gold pieces (gained 11).
There is an escape hatch in the floor here.
Found a stone staircase leading up.
There is a stone staircase leading up here.
Key pressed, stopping explore.
No target in view!
Found a stone staircase leading down.
No target in view!
Found an escape hatch in the ceiling.
No target in view!
There is a stone staircase leading down here.
There is an escape hatch in the ceiling here.
You now have 219 gold pieces (gained 6).
You now have 232 gold pieces (gained 13).
Key pressed, stopping explore.
No target in view!
An ogre comes into view. It is wielding a +0 giant spiked club.
You slash the ogre! The ogre completely misses you.
An ogre is nearby!
An ogre is nearby!
You slash the ogre! You block the ogre's attack.
You hit the ogre.
The ogre hits you with a +0 giant spiked club! 😮 HP[-16]
You take 16 damage, and now have 40/56 hp.
MASSIVE DAMAGE!! (PAUSE)
You barely miss the ogre.
The ogre hits you with a +0 giant spiked club!
* * * LOW HITPOINT WARNING * * *
😨 HP[-17]
You take 17 damage, and now have 23/56 hp.
MASSIVE DAMAGE!! (PAUSE)
You hit the ogre.
The ogre hits you with a +0 giant spiked club!!
Ouch! That really hurt!
You die...

Skill      XL: |  1  2  3  4  5  6 |
---------------+-------------------+-----
Armour         | 3 4 |  4.8
Axes           | 3 4 |  4.7
Fighting       | 4 5 |  5.4
Shields        | |  2.1

Action                     |  1- 3 |  4- 6 |  7- 9 || total
---------------------------+-------+-------+-------++-------
  Melee: War axe           |    71 |   193 |    61 ||   325
    Use: Scroll            |       |     8 |     2 ||    10
 Armour: Scale mail        |    70 |       |       ||    70
         Chain mail        |    10 |   168 |    75 ||   253
  Dodge: Dodged            |    40 |    89 |    18 ||   147
  Block: Buckler           |    19 |    51 |    11 ||    81

Levels and vault maps discovered:
D:1:      scummos_arrival_hexagon, layout_rooms, serial_aquarium,
          aquarium_bridge_square [aquarium_subvault_bridge,
          aquarium_subvault_window, aquarium_subvault_window,
          aquarium_subvault_wall], aquarium_window_corner, aquarium_window_1,
          aquarium_window_fake, aquarium_view_2g, aquarium_pool_2
D:2:      layout_basic, hangedman_glass_teeth, uniq_jessica
D:3:      layout_basic, general_overflow_altar, mainiacjoe_overflow_24_doors,
          gup_sewer_entry_spiral, minivault_11, st_stairs_2, interstate_on_off,
          kennysheep_small_spiral, mrwooster_statue_mirror
D:4:      layout_basic, mainiacjoe_overflow_alcove_2, small_statue_intersection,
          skrybe_limestone_x, serial_park_tiny_pond, minmay_misc_feat_cross,
          nicolae_figureground_pulse
D:5:      layout_loops_cross

Notes
Turn   | Place    | Note
-------+----------+-------------------------------------------
     0 | D:1      | ytrimaz the Coglin Fighter began the quest for the Orb.
     0 | D:1      | Reached XP level 1. HP: 18/18 MP: 1/1
     0 | D:1      | magus.rc [v1.9.6]
   112 | D:1      | Reached XP level 2. HP: 19/24 MP: 2/2
   144 | D:1      | Reached skill level 3 in Armour
   451 | D:1      | Reached XP level 3. HP: 27/29 MP: 3/3
   637 | D:2      | You pick up a book of Sloth and begin reading...
   637 | D:2      | You add the spells Frozen Ramparts, Leda's Liquefaction,
                  | Petrify and Metabolic Englaciation to your library.
   659 | D:2      | Noticed Jessica
   662 | D:2      | Killed Jessica
   663 | D:2      | Reached XP level 4. HP: 28/37 MP: 4/4
   753 | D:2      | Reached skill level 3 in Axes
  1408 | D:3      | Reached skill level 4 in Fighting
  1568 | D:3      | Noticed a scorpion
  1573 | D:3      | Killed a scorpion
  1574 | D:3      | Reached XP level 5. HP: 41/42 MP: 5/5
  1591 | D:3      | Reached skill level 4 in Armour
  1728 | D:3      | Found a sacrificial altar of Ru.
  1890 | D:3      | You pick up a book of Debilitation and begin reading...
  1890 | D:3      | You add the spells Slow, Sigil of Binding, Vampiric
                  | Draining and Confusing Touch to your library.
  1981 | D:3      | Reached XP level 6. HP: 49/49 MP: 6/6
  2378 | D:3      | Reached skill level 4 in Axes
  2587 | D:3      | Found a stormy altar of Qazlal.
  2832 | D:4      | Reached skill level 5 in Fighting
  2953 | D:4      | Found a shimmering altar of Xom.
  2991 | D:4      | Reached XP level 7. HP: 56/56 MP: 7/7
  3585 | D:5      | Entered Level 5 of the Dungeon
  3832 | D:5      | Mangled by an ogre

Vanquished Creatures
  A phantom (D:3)
  2 scorpions
  A hound (D:4)
  2 bombardier beetles
  2 orc priests (D:4)
  A sleepcap (D:5)
  Jessica (D:2)
  An orc wizard (D:4)
  5 adders
  3 dart slugs
  A ribbon worm (D:5)
  7 orcs
  9 bats
  7 endoplasms
  4 giant cockroaches
  8 goblins
  5 hobgoblins
  9 jackals
  4 quokkas
  12 ball pythons
  3 frilled lizards (D:2)
  9 kobolds
  11 rats
108 creatures vanquished.

Table legend:
 A = Non-vault XP
 B = Vault XP
 C = Vault XP percentage of total XP
 D = Non-vault monster count
 E = Vault monster count
 F = Vault count percentage of total count
                 A         B        C        D         E       F
            +---------+---------+-------+---------+---------+-------
      Total |     751 |      95 |  11.2 |      97 |      11 |  10.2
            +---------+---------+-------+---------+---------+-------
        D:1 |      50 |       0 |   0.0 |      29 |       0 |   0.0
        D:2 |      61 |      37 |  37.8 |      23 |       1 |   4.2
        D:3 |     241 |      58 |  19.4 |      19 |      10 |  34.5
        D:4 |     339 |       0 |   0.0 |      22 |       0 |   0.0
        D:5 |      60 |       0 |   0.0 |       4 |       0 |   0.0
            +---------+---------+-------+---------+---------+-------

Skill      XL: |  1  2  3  4  5  6 |
---------------+-------------------+-----
Armour         | 3 4 |  4.8
Axes           | 3 4 |  4.7
Fighting       | 4 5 |  5.4
Shields        | |  2.1

Action                     |  1- 3 |  4- 6 |  7- 9 || total
---------------------------+-------+-------+-------++-------
  Melee: War axe           |    71 |   193 |    61 ||   325
    Use: Scroll            |       |     8 |     2 ||    10
 Armour: Scale mail        |    70 |       |       ||    70
         Chain mail        |    10 |   168 |    75 ||   253
  Dodge: Dodged            |    40 |    89 |    18 ||   147
  Block: Buckler           |    19 |    51 |    11 ||    81

Illustrated notes

Table legend:
 A = Kills in this place as a percentage of kills in the entire game.
 B = Kills by you in this place as a percentage of kills by you in the entire game.
 C = Kills by friends in this place as a percentage of kills by friends in the entire game.
 D = Other kills in this place as a percentage of other kills in the entire game.
 E = Experience gained in this place as a percentage of experience gained in the entire game.
 F = Experience gained in this place divided by the number of levels of this place that you have seen.
                   A       B       C       D       E      F
               +-------+-------+-------+-------+-------+----------------------
         Total | 100.0 | 100.0 |   N/A |   N/A | 100.0 | 169.2
       Dungeon | 100.0 | 100.0 |   N/A |   N/A | 100.0 | 169.2
               +-------+-------+-------+-------+-------+----------------------

Table legend: (Time is in decaauts)
 A = Elapsed time spent in this place.
 B = Non-inter-level travel time spent in this place.
 C = Inter-level travel time spent in this place.
 D = Time resting spent in this place.
 E = Time spent auto-exploring this place.
 F = Levels seen in this place.
 G = Mean time per level.
                   A        B        C        D        E       F      G
               +--------+--------+--------+--------+--------+-----+--------+
         Total |   3991 |   3825 |    166 |      0 |   2954 |   5 |  798.2 |
       Dungeon |   3991 |   3825 |    166 |      0 |   2954 |   5 |  798.2 |
               +--------+--------+--------+--------+--------+-----+--------+

Top non-repeatable levels by time:
     D:3: 1380 daAuts
     D:4: 964 daAuts
     D:2: 745 daAuts
     D:1: 647 daAuts
     D:5: 253 daAuts
